 Seeded DCSS version 0.30.1-4-g462c640d31 (webtiles) character file.

Game seed: 15140874439476535185 (custom seed)

166 Psyclone the Stinger (level 5, 0/31 HPs)
             Began as an Octopode Venom Mage on Sept 18, 2023.
             Was an Initiate of Gozag.
             Frozen to death by an endoplasm (4 damage)
             ... while paralysed by Grinder
             ... on level 3 of the Dungeon.
             The game lasted 00:11:21 (2681 turns).

Psyclone the Stinger (Octopode Venom Mage)          Turns: 2681, Time: 00:11:22

Health: 0/31       AC:  1    Str:  6 (7)  XL:     5   Next: 47%
Magic:  6/8        EV:  2    Int: 17 (18) God:    Gozag
Gold:   241        SH:  0    Dex: 16      Spells: 5/8 levels left

rFire   . . .        c - +0 short sword
rCold   . . .        (no shield)
rNeg    . . .        (helmet restricted)
rPois   .            (no amulet)
rElec   .            (no ring)
rCorr   .            (no ring)
SInv    .            (no ring)
Will    +....        (no ring)
Stlth   +++          (no ring)
HPRegen 0.25/turn    (no ring)
MPRegen 0.11/turn    (no ring)
                     (no ring)

%: no passive effects
@: paralysed
A: almost no armour, amphibious, 8 rings, camouflage 1, gelatinous body 1,
(nimble swimmer 1), tentacles, agile 1, strong-willed 1
a: Renounce Religion, Potion Petition, Call Merchant, Bribe Branch


You were on level 3 of the Dungeon.
You worshipped Gozag.
Gozag was aware of your devotion.
You visited 1 branch of the dungeon, and saw 3 of its levels.

You collected 265 gold pieces.
You paid 24 gold pieces to Gozag.

Inventory:

Hand Weapons
 c - a +0 short sword (weapon)
Jewellery
 e - a ring of ice
Wands
 h - a wand of roots (9)
Scrolls
 b - a scroll of teleportation
 g - a scroll of fear
 i - 2 scrolls of fog
 k - a scroll of noise
Potions
 a - 3 potions of magic
 d - a potion of heal wounds
 f - 2 potions of curing
 j - a potion of resistance
 l - a potion of cancellation {unknown}


   Skills:
 - Level 2.0 Dodging
 - Level 2.6 Stealth
 - Level 2.0 Spellcasting
 - Level 1.0 Transmutations
 + Level 7.2 Poison Magic


You had 5 spell levels left.
You knew the following spells:

 Your Spells              Type           Power      Damage    Failure   Level
a - Poisonous Vapours     Pois/Air       28%        N/A       7%          2
v - Sting                 Tmut/Pois      60%        1d6       3%          1

Your spell library contained the following spells:

 Spells                   Type           Power      Damage    Failure   Level
 Olgreb's Toxic Radiance  Pois           26%        N/A       10%         4
 Wereblood                Tmut           5%         N/A       19%         2
 Mephitic Cloud           Conj/Pois/Air  9%         N/A       22%         3
 Sublimation of Blood     Necr           1%         N/A       28%         2
 Summon Hydra             Summ           0%         N/A       100%        7


Dungeon Overview and Level Annotations

Branches:
Dungeon (3/15) Zot: 15338

Altars:
Gozag

Shops:
D:3 (?==

Annotations:
D:3 Grinder


Innate Abilities, Weirdness & Mutations

You cannot wear most types of armour.
You are amphibious.
You can wear up to eight rings at the same time.
Your skin changes colour to match your surroundings (Stealth+).
Your rubbery body absorbs attacks. (AC +1, EV +1)
((You are camouflaged when in or above water. (Stealth+)))
You have tentacles for arms and can constrict up to eight enemies at once.
You are agile. (Dex +4, Str/Int -1)
You are strong-willed. (Will+)


Message History

The sting hits Grinder.
Grinder partially resists.
Grinder is lightly wounded.
Grinder hits you!
You writhe in agony.
The endoplasm hits you.
You take 12 damage, and have 17/31 hp.
MASSIVE DAMAGE!!
You now have 6/8 mp.
Casting: Sting (safe; 3% risk of failure)
Confirm with . or Enter, or press ? or * to list all spells.
Aiming: Sting (safe; 3% risk of failure)
Press: ? - help, Shift-Dir - straight line, f/p - Grinder
Aim: Grinder (lightly wounded, poisoned, 71% to hit)
The sting misses Grinder.
Grinder blinks!
The endoplasm barely misses you.
You now have 5/8 mp.
You barely miss the endoplasm. The endoplasm freezes you.
You are frozen.
You take 4 damage, and have 14/31 hp.
You hit the endoplasm.
The endoplasm is heavily wounded.
Grinder says, "You look like you could use a good racking."
Grinder gestures at you. You resist with some effort.
The endoplasm closely misses you.
You hit the endoplasm.
The endoplasm is almost dead.
The endoplasm completely misses you.
You barely miss the endoplasm.
The endoplasm is severely wounded.
Grinder looks more healthy.
Grinder gestures at you.
You suddenly lose the ability to move!
The endoplasm freezes you.
You are frozen.
The endoplasm freezes you.
You are frozen.
* * * LOW HITPOINT WARNING * * *
The endoplasm freezes you.
You are frozen.
* * * LOW HITPOINT WARNING * * *
The endoplasm freezes you.
You are frozen.
You die...
Your body crumbles into a pile of gold.

#.##### #..##.#...........##....#
#.#######.###...........#.##....#
#.........##....#.#.....#........
####)#........###.#.....#........
#..##.................#...##∩##
#..................###....####
#..#........5..###........###
####..........#####..##.##..##.
.....#...#<..@J............$..
.....##...#.............##.$.##
......##...#....########.##...#
......#...>....## .........
......##........ .....#####
#...##.. ........ ... #..
<######.## .. ##. .. ..


You could see Grinder and an endoplasm.

Vanquished Creatures
  An ogre (D:3)
  An adder (D:2)
  A worm (D:2)
  5 dart slugs
  3 ball pythons
  3 bats
  10 endoplasms
  4 goblins
  7 hobgoblins
  6 kobolds
  2 quokkas
  2 frilled lizards
  11 rats
56 creatures vanquished.

Notes
Turn   | Place    | Note
-------+----------+-------------------------------------------
     0 | D:1      | Psyclone the Octopode Venom Mage began the quest for the
                  | Orb.
     0 | D:1      | Reached XP level 1. HP: 11/11 MP: 3/3
    69 | D:1      | Reached skill level 4 in Poison Magic
    94 | D:1      | Reached XP level 2. HP: 17/17 MP: 3/5
   133 | D:1      | Learned a level 2 spell: Poisonous Vapours
   366 | D:1      | Reached skill level 5 in Poison Magic
   366 | D:1      | Reached XP level 3. HP: 21/21 MP: 2/6
  1001 | D:2      | Found an opulent altar of Gozag.
  1007 | D:2      | Found a faded altar of an unknown god.
  1009 | D:2      | Became a worshipper of Gozag Ym Sagoz the Greedy
  1588 | D:2      | Reached XP level 4. HP: 20/27 MP: 0/7
  2289 | D:2      | Reached skill level 6 in Poison Magic
  2339 | D:2      | Gained mutation: You are agile. (Dex +4, Str/Int -1)
                  | [potion of mutation]
  2339 | D:2      | Gained mutation: You are strong-willed. (Will+) [potion of
                  | mutation]
  2370 | D:3      | Found Zyskustre's Antique Weapon Shop.
  2394 | D:3      | Noticed an ogre
  2425 | D:3      | Killed an ogre
  2426 | D:3      | Reached skill level 7 in Poison Magic
  2426 | D:3      | Reached XP level 5. HP: 21/31 MP: 1/8
  2526 | D:3      | Found Elailiep's Magic Scroll Shop.
  2610 | D:3      | Found Janib's Jewellery Shop.
  2627 | D:3      | Found Kuar's Jewellery Boutique.
  2633 | D:3      | Noticed Grinder
  2678 | D:3      | Paralysed by Grinder for 4 turns
  2681 | D:3      | Frozen to death by an endoplasm

Illustrated notes

Levels and vault maps discovered:
D:1:      lightli_arrival_isolated_outpost, layout_basic
D:2:      minmay_alternating_diamond, layout_basic, basic_altar,
          basic_ecumenical_altar, serial_forest, infiniplex_forest_end_2,
          infiniplex_forest_clump_curved, infiniplex_forest_lined_2,
          infiniplex_forest_pool, infiniplex_forest_lined_3,
          infiniplex_forest_clump_curved
D:3:      layout_rooms, led_sif_pool, serial_shops,
          nicolae_shop_window_shopping, shop, shop,
          nicolae_shop_just_a_little_nook, nicolae_shop_real_fake_doors,
          minmay_misc_feat_x, st_stairs_9, uniq_grinder

Skill      XL: |  1  2  3  4 |
---------------+-------------+-----
Poison Magic   | 4 5 7 |  7.2
Dodging        | |  2.0
Stealth        | |  2.6
Spellcasting   | |  2.0
Transmutations | |  1.0

Action                     |  1- 3 |  4- 6 || total
---------------------------+-------+-------++-------
  Melee: Unarmed           |    13 |       ||    13
         Tentacles         |    12 |     7 ||    19
         Constrict         |    15 |     6 ||    21
         Short sword       |    47 |    25 ||    72
         Punch             |       |     2 ||     2
   Cast: Sting             |     7 |     3 ||    10
         Poisonous Vapours |    15 |    14 ||    29
    Use: Potion            |     5 |     4 ||     9
         Scroll            |       |     6 ||     6
   Stab: Sleeping          |     8 |     1 ||     9
 Armour: Skin              |     9 |     2 ||    11
  Dodge: Dodged            |    21 |    19 ||    40
